 Dungeon Crawl Stone Soup version 0.29-a0-892-g2c4c91d9db (webtiles) character file.

Game seed: 12229255712261403269

1388 IdlyInterested the Twirler (level 8, -9/60 HPs)
             Began as a Demonspawn Wanderer on July 21, 2022.
             Mangled by a komodo dragon (16 damage)
             ... on level 7 of the Dungeon on July 22, 2022.
             The game lasted 00:18:24 (6255 turns).

IdlyInterested the Twirler (Demonspawn Wanderer)    Turns: 6255, Time: 00:18:25

Health: -9/60      AC: 11    Str: 18    XL:     8   Next: 40%
Magic:  13/13      EV:  9    Int: 13    God:
Gold:   321        SH:  0    Dex: 14    Spells: 9/13 levels left

rFire   . . .      SeeInvis .   o - staff of death
rCold   + + +      Faith    .   (no shield)
rNeg    + . .      Spirit   .   m - +3 scale mail
rPois   .          Reflect  .   (no helmet)
rElec   .          Harm     .   (no cloak)
rCorr   .          Rampage  .   (no gloves)
Will    .....                   l - +1 pair of boots
Stlth   ..........              t - amulet "Viqixeru" {rC+ Regen+ Dex+4}
HPRegen 1.00/turn               b - ring of protection from cold
MPRegen 0.13/turn               s - ring of protection from cold

@: no status effects
A: spiny 1, demonic touch 2
a: no special abilities


You were on level 7 of the Dungeon.
You visited 2 branches of the dungeon, and saw 8 of its levels.

You collected 321 gold pieces.

Inventory:

Hand Weapons
 a - a +2 hand axe of protection
 u - the +3 falchion of Demonkind {antimagic, rPois}
   (You found it on level 4 of the Dungeon)

   It reduces the magical energy of the wielder, and disrupts the spells and
   magical abilities of those it strikes.
   Natural abilities and divine invocations are not affected.
   rPois:     It protects you from poison.
Missiles
 y - 6 silver javelins
 A - 4 silver boomerangs
Armour
 l - a +1 pair of boots (worn)
 m - a +3 scale mail (worn)
 z - +0 steam dragon scales
Magical Staves
 o - a staff of death (weapon)
Jewellery
 b - a ring of protection from cold (left hand)
 p - a ring of resist corrosion
 s - a ring of protection from cold (right hand)
 t - the amulet "Viqixeru" (around neck) {rC+ Regen+ Dex+4}
   (You acquired it on level 5 of the Dungeon)

   [amulet of regeneration]

   Dex:       It affects your dexterity (+4).
   rC:        It protects you from cold.
   Regen:     It increases your rate of health regeneration.
 B - an amulet of the acrobat
Scrolls
 g - 2 scrolls of teleportation
 j - 2 scrolls of vulnerability
 n - 2 scrolls of blinking
 v - 4 scrolls of identify
 x - a scroll of torment {unknown}
 C - a scroll of poison {unknown}
Potions
 c - a potion of lignification
 d - 3 potions of curing
 e - a potion of magic
 f - 2 potions of brilliance
 h - 2 potions of heal wounds
 i - a potion of resistance
 k - 2 potions of might
 q - a potion of mutation
 r - a potion of cancellation
 w - a potion of invisibility


   Skills:
 - Level 4.0 Fighting
 - Level 3.9 Axes
 * Level 5.8 Staves
 - Level 2.0 Armour
 - Level 1.0 Dodging
 - Level 1.0 Stealth
 - Level 2.0 Unarmed Combat
 + Level 3.4 Spellcasting
 - Level 2.0 Necromancy
 + Level 3.8 Evocations


You had 9 spell levels left.
You knew the following spells:

 Your Spells              Type           Power      Damage    Failure   Level
a - Necrotise             Necr           44%        1d6       30%         1
b - Vampiric Draining     Necr           11%        2d6       67%         3

Your spell library contained the following spells:

 Spells                   Type           Power      Damage    Failure   Level
 Frozen Ramparts          Ice            4%         1d2       91%         3
 Fulminant Prism          Conj/Hex       1%         3d6       100%        4
 Ice Form                 Ice/Tmut       2%         N/A       100%        4
 Iskenderun's Mystic Bla  Conj/Tloc      2%         2d3       100%        4
 Summon Ice Beast         Ice/Summ       2%         N/A       100%        4
 Lee's Rapid Deconstruct  Erth           1%         3d5*      100%        5


Dungeon Overview and Level Annotations

Branches:
Dungeon (7/15)             Temple (1/1) D:4

Altars:
Cheibriados
Dithmenos
Hepliaklqana
Kikubaaqudgha
Makhleb
Nemelex Xobeh
Okawaru
Ru
Sif Muna
Uskayaw
Wu Jian
Xom


Innate Abilities, Weirdness & Mutations

You are partially covered in sharp spines.
Your touch may inflict irresistible damage on your foes.


Message History

There is an open door here.
You see here a +0 dagger.
Done exploring.
Done exploring.
Done exploring.
Okay, then.
There is an open door here.
There is an open door here.
There is an open door here.
There is a stone staircase leading down here.
You climb downwards.
The komodo dragon hisses angrily.
There is a stone staircase leading up here.
The komodo dragon attacks as you move away!
The komodo dragon closely misses you.
You hit the komodo dragon but do no damage.
You touch the komodo dragon!
The komodo dragon is moderately wounded.
You closely miss the komodo dragon.
The komodo dragon is moderately wounded.
The komodo dragon bites you!
You hit the komodo dragon but do no damage.
The komodo dragon writhes in agony.
You touch the komodo dragon!
The komodo dragon is heavily wounded.
The komodo dragon bites you!!
You hit the komodo dragon but do no damage.
You touch the komodo dragon.
You punch the komodo dragon, but do no damage.
The komodo dragon is severely wounded.
The komodo dragon bites you!!
* * * LOW HITPOINT WARNING * * *
You closely miss the komodo dragon.
You punch the komodo dragon, but do no damage.
The komodo dragon is severely wounded.
The komodo dragon is struck by your spines.
The komodo dragon barely misses you.
You hit the komodo dragon.
The komodo dragon is severely wounded.
The komodo dragon bites you!
You die...

≈.≈##. ..≈...
≈≈..... ..#....
...≈♣.. .
...≈...######....
≈≈..≈...l@.......
≈.#.#..z########.
♣≈≈≈≈...#
≈≈≈.#...#
.#.....<#
#.....## #..zz.
#....# +....


You could see a komodo dragon and a wight.

Vanquished Creatures
  Grinder (D:3)
  A steam dragon (D:6)
  An ogre (D:5)
  A phantom (D:5)
  A bullfrog (D:6)
  A necrophage (D:5)
  2 howler monkeys
  2 hounds
  3 orc priests
  2 jellies
  Terence (D:2)
  3 iguanas
  Natasha (thrice) (D:2)
  2 orc wizards (D:5)
  12 adders
  3 gnolls (D:4)
  A shadow imp (D:6)
  A white imp (D:3)
  An ufetubus (D:6)
  2 dart slugs (D:1)
  14 orcs
  6 ball pythons
  8 bats
  5 endoplasms
  4 giant cockroaches
  2 goblins (D:4)
  10 hobgoblins
  7 jackals
  7 quokkas
  4 frilled lizards
  3 kobolds
  9 rats
123 creatures vanquished.

Notes
Turn   | Place    | Note
-------+----------+-------------------------------------------
     0 | D:1      | IdlyInterested the Demonspawn Wanderer began the quest for
                  | the Orb.
     0 | D:1      | IdlyInterested set off with the following items: a +2 hand
                  | axe, a +0 ring mail, a potion of lignification; and the
                  | following spell memorised: Necrotise; and the following
                  | spells available to memorise: Vampiric Draining.
     0 | D:1      | Reached XP level 1. HP: 16/16 MP: 2/2
   212 | D:1      | Gained mutation: Your touch may inflict minor irresistible
                  | damage on your foes. [demonic ancestry]
   212 | D:1      | Reached XP level 2. HP: 18/22 MP: 3/3
   937 | D:1      | Reached skill level 1 in Unarmed Combat
  1117 | D:1      | Gained mutation: You are partially covered in sharp spines.
                  | [demonic ancestry]
  1117 | D:1      | Reached XP level 3. HP: 26/28 MP: 4/4
  1384 | D:2      | Noticed Natasha
  1388 | D:2      | Killed Natasha
  1674 | D:2      | Found a sacrificial altar of Ru.
  1715 | D:2      | Noticed Terence
  1725 | D:2      | Killed Terence
  1726 | D:2      | Reached XP level 4. HP: 20/34 MP: 5/5
  1970 | D:2      | Noticed Natasha
  1976 | D:2      | Killed Natasha
  2003 | D:2      | Noticed Natasha
  2010 | D:2      | Killed Natasha
  2011 | D:2      | Reached skill level 1 in Stealth
  2011 | D:2      | Gained mutation: Your touch may inflict irresistible damage
                  | on your foes. [demonic ancestry]
  2011 | D:2      | Reached XP level 5. HP: 41/41 MP: 6/6
  2736 | D:3      | Learned a level 3 spell: Vampiric Draining
  2736 | D:3      | Noticed Grinder
  2766 | D:3      | Killed Grinder
  2767 | D:3      | Reached skill level 2 in Staves
  2767 | D:3      | Reached skill level 1 in Evocations
  2767 | D:3      | Reached XP level 6. HP: 48/48 MP: 7/7
  3187 | D:3      | Found a faded altar of an unknown god.
  3382 | D:3      | Upgraded the game from 0.29-a0-887-gcbe080d7e0 to
                  | 0.29-a0-892-g2c4c91d9db
  3562 | D:4      | Reached skill level 3 in Staves
  3662 | D:4      | Found a shimmering blue altar of Sif Muna.
  3699 | D:4      | Found a staircase to the Ecumenical Temple.
  3727 | Temple   | Entered the Ecumenical Temple
  4037 | D:4      | Identified the +3 falchion of Demonkind {antimagic, rPois}
  4106 | D:4      | Reached XP level 7. HP: 50/54 MP: 7/9
  4492 | D:5      | Entered Level 5 of the Dungeon
  4575 | D:5      | Identified a scroll of acquirement
  4575 | D:5      | Acquired the amulet "Viqixeru" {rC+ Regen+ Dex+4}
  4714 | D:5      | Reached skill level 4 in Staves
  5312 | D:6      | Reached XP level 8. HP: 59/60 MP: 10/12
  5363 | D:6      | Reached skill level 5 in Staves
  5764 | D:6      | Found an ornate altar of the Wu Jian Council.
  6244 | D:7      | Noticed a komodo dragon
  6255 | D:7      | Mangled by a komodo dragon

Illustrated notes

Levels and vault maps discovered:
D:1:      shiori_arrival_maze, layout_loops_corners, minivault_26,
          minmay_octomino_e4
D:2:      wander_river, layout_loops_corners, basic_altar,
          palyth_stone_intersect, minmay_misc_feat_nine_boxes,
          patterned_corridor, uniq_terence, uniq_natasha
D:3:      layout_loops_cross, mainiacjoe_overflow_paths,
          ebering_ecumenical_altar_box, dreamdust_princess_bridge, uniq_grinder
D:4:      layout_layer_cave, mainiacjoe_overflow_24_doors,
          minmay_temple_entry_ruins, st_stairs_5, minmay_liquid_box,
          amcnicky_mini_corridor_feature
D:5:      layout_loops_ring
D:6:      layout_basic, nicolae_overflow_hidden_temple,
          nicolae_wu_jian_immortal_techniques
D:7:      layout_basic, gammafunk_ghost_abyssal_escape, serial_rivers,
          chequers_serial_rivers_small_a, chequers_serial_rivers_micro_b,
          chequers_serial_rivers_small_3, chequers_serial_rivers_room_b,
          chequers_serial_rivers_marsh, chequers_serial_rivers_large_b,
          roderic_serpentine_path, chequers_arboretum, nicolae_lava_and_water,
          dreamdust_princess_corridor, uniq_joseph
Temple:   eino_wide_crystal_templ

Skill      XL: |  1  2  3  4  5  6  7  8 |
---------------+-------------------------+-----
Axes           | 3 |  3.9
Armour         | 2 |  2.0
Unarmed Combat | 1 2 |  2.0
Fighting       | 3 4 |  4.0
Stealth        | 1 |  1.0
Staves         | 2 3 4 5 |  5.8
Evocations     | 1 2 3 |  3.8
Necromancy     | 2 |  2.0
Spellcasting   | 2 3 |  3.4
Dodging        | |  1.0

Action                   |  1- 3 |  4- 6 |  7- 9 || total
-------------------------+-------+-------+-------++-------
Melee: Hand axe          |    89 |    34 |       ||   123
       Touch             |     6 |    20 |    27 ||    53
       Staff             |       |    71 |   128 ||   199
       Punch             |       |     1 |     5 ||     6
  Use: Scroll            |     8 |     7 |     5 ||    20
Armor: Ring mail         |    30 |       |       ||    30
       Scale mail        |    10 |    48 |    65 ||   123
Dodge: Dodged            |    48 |    46 |    36 ||   130

Table legend: (Time is in decaauts)
 A = Elapsed time spent in this place.
 B = Non-inter-level travel time spent in this place.
 C = Inter-level travel time spent in this place.
 D = Time resting spent in this place.
 E = Time spent auto-exploring this place.
 F = Levels seen in this place.
 G = Mean time per level.
                   A        B        C        D        E       F      G
               +--------+--------+--------+--------+--------+-----+--------+
         Total |   6299 |   5690 |    609 |    150 |   4394 |   8 |  787.4 |
       Dungeon |   6226 |   5638 |    588 |    150 |   4350 |   7 |  889.4 |
        Temple |     72 |     51 |     21 |      0 |     44 |   1 |   72.0 |
               +--------+--------+--------+--------+--------+-----+--------+

Top non-repeatable levels by time:
     D:2: 1387 daAuts
     D:1: 1369 daAuts
     D:4: 991 daAuts
     D:6: 957 daAuts
     D:3: 802 daAuts
     D:5: 708 daAuts
  Temple: 72 daAuts
     D:7: 10 daAuts
